 Dungeon Crawl Stone Soup version 0.27-a0-1193-g8631133539 (webtiles) character file.

Game seed: 17736312242761515415

74 Sobieck the Chiller (level 4, -12/25 HPs)
             Began as a Deep Elf Ice Elementalist on May 26, 2021.
             Killed by nerve-wracking pain
             ... invoked by Grinder
              (13 damage)
             ... on level 3 of the Dungeon.
             The game lasted 00:06:03 (2765 turns).

Sobieck the Chiller (Deep Elf Ice Elementalist)     Turns: 2765, Time: 00:06:04

Health: -12/25     AC:  2    Str:  5    XL:     4   Next: 9%
Magic:  12/12      EV: 13    Int: 21    God:
Gold:   63         SH:  0    Dex: 15    Spells: 4/11 levels left

rFire    . . .     SeeInvis .   e - +0 dagger {short}
rCold    + . .     Faith    .   (no shield)
rNeg     . . .     Spirit   .   a - +0 robe
rPois    .         Reflect  .   (no helmet)
rElec    .         Harm     .   (no cloak)
rCorr    .         Rampage  .   (no gloves)
Will     .....                  (no boots)
Stlth    ++........             (no amulet)
HPRegen  0.08/turn              k - ring of protection from cold
MPRegen  0.13/turn              (no ring)

@: no status effects
A: no striking features
a: no special abilities


You were on level 3 of the Dungeon.
You visited 1 branch of the dungeon, and saw 4 of its levels.

You collected 63 gold pieces.


   Skills:
 + Level 1.3 Fighting
 + Level 3.3 Dodging
 - Level 2.4 Stealth
 + Level 4.0 Spellcasting
 + Level 4.9 Ice Magic


You had 4 spell levels left.
You knew the following spells:

 Your Spells              Type           Power      Damage    Failure   Level
a - Freeze                Ice            96%        1d11      1%          1
b - Frozen Ramparts       Ice            48%        1d6       4%          3
c - Ozocubu's Armour      Ice            24%        N/A       4%          3

Your spell library contained the following spells:

 Spells                   Type           Power      Damage    Failure   Level
 Hailstorm                Conj/Ice       14%        3d5       41%         4
 Metabolic Englaciation   Hex/Ice        7%         N/A       77%         5

Inventory:

Hand Weapons
 e - a +0 dagger (weapon) {short}
   (You took it off a kobold on level 1 of the Dungeon)
 f - a +0 club {mace}
   (You took it off a kobold on level 1 of the Dungeon)
 g - a +0 club {mace}
   (You took it off a kobold on level 1 of the Dungeon)
Missiles
 d - 14 bolts
 h - 17 stones (quivered) {throwing}
 i - 66 sling bullets
 q - 29 arrows
Armour
 a - a +0 robe (worn)
 r - a +2 kite shield
   (You found it on level 2 of the Dungeon)
Jewellery
 k - a ring of protection from cold (left hand)
   (You found it on level 1 of the Dungeon)
Scrolls
 b - a scroll of silence {unknown}
 m - 4 scrolls of teleportation {unknown}
 n - a scroll of identify {unknown}
 s - a scroll of enchant weapon {unknown}
 t - a scroll of fog {unknown}
Potions
 c - 2 potions of heal wounds {unknown}
 j - a potion of flight {unknown}
 l - a potion of resistance {unknown}
 o - a potion of mutation {unknown}
 p - a potion of curing {unknown}

Dungeon Overview and Level Annotations

Branches:
Dungeon (4/15)
 Temple: D:4-7

Altars:

Annotations:
D:3 Grinder

. ##..####.....!......... .
##.#)................#
#######....................#
##....!...........?........#
#..#####...........#....>..#
†....# #...........5....>..#
.....# #...................#
.....# #..........##.......#
.....# #........@.##.......#
.....# #....>....#########.#
.....# #.........##...... ..
..<..# #.........#...#### ##
.....# #............##((.
.....# ##...>...#...#(#(#
###### ##.....##...#((#.
#########..#(#.# ..##(..


You could see Grinder (strong).


Message History

😕 MP[-1]
You lost 1 mp, and now have 10/11 mp.
Casting: Freeze (safe; 1% risk of failure)
Confirm with . or Enter, or press ? or * to list all spells.
You can't see any susceptible monsters within range! (Use Z to cast anyway.) Unknown command.
The kobold barely misses you.
Casting: Freeze (safe; 1% risk of failure)
Confirm with . or Enter, or press ? or * to list all spells.
Aiming: Freeze (safe; 1% risk of failure)
Press: ? - help, Shift-Dir - straight line, f - kobold
Aim: a kobold, wielding a +0 short sword and quivering stones You freeze the kobold.
The kobold misses you. 😕 HP[+1] MP[-1]
You lost 1 mp, and now have 9/11 mp.
Casting: Freeze (safe; 1% risk of failure)
Confirm with . or Enter, or press ? or * to list all spells.
Aiming: Freeze (safe; 1% risk of failure)
Press: ? - help, Shift-Dir - straight line, f/p - kobold
Aim: a kobold, wielding a +0 short sword and quivering stones (moderately wounded)
You freeze the kobold!
You kill the kobold!
Your Spellcasting skill increases to level 4! 😕 MP[-1]
h - 17 stones {throwing} (gained 4)
Things that are here:
a +0 short sword {short}; a kobold corpse 😎 HP[+1] MP[+4]
Your hp is fully restored (25).
Your mp is fully restored (12).
s - a scroll labelled IPEARE JODUNE
(D) Dungeon
Where to? (Enter - D:3, ? - help)
Found a purple potion and 11 sling bullets.
Found a stone staircase leading down.
There is a stone staircase leading down here.
You climb downwards.
There is a stone staircase leading up here.
You climb upwards.
There is a stone staircase leading down here.
m - 4 scrolls labelled BOETSUCENG (gained 1)
i - 66 sling bullets (gained 11)
t - a scroll labelled REXUUTZ LATU
(D) Dungeon
Where to? (Enter - D:4, ? - help)
There is a stone staircase leading down here.
You climb downwards.
There is a stone staircase leading up here.
You climb upwards.
There is a stone staircase leading down here.
There is a stone staircase leading down here.
You climb downwards.
There is a stone staircase leading up here.
You climb upwards.
There is a stone staircase leading down here.
Found an escape hatch in the floor.
Found a stone staircase leading down.
Grinder comes into view.
Grinder shouts!
Grinder gestures at you.
You barely resist. Grinder hits you.
You writhe in agony. 😮 HP[-11]
You take 11 damage, and now have 14/25 hp.
MASSIVE DAMAGE!! (PAUSE)
Casting: Freeze (safe; 1% risk of failure)
Confirm with . or Enter, or press ? or * to list all spells.
Aiming: Freeze (safe; 1% risk of failure)
Press: ? - help, Shift-Dir - straight line, f - Grinder
Aim: Grinder You freeze Grinder but do no damage.
Grinder completely resists.
Grinder blinks! 😮 MP[-1]
You lost 1 mp, and now have 11/12 mp.
Unknown command.
Grinder blinks! 😮 HP[+1]
You hit Grinder but do no damage. Grinder misses you.
You aren't carrying any items that you can evoke.
Press: ? - help, v - describe, . - travel
Here: Grinder The floor.
Unknown command.
Grinder drinks a potion.
Grinder seems to grow stronger.
Grinder gestures at you.
You suddenly lose the ability to move!
Grinder hits you!
Ouch! That really hurt!
* * * LOW HITPOINT WARNING * * *
You can move again. 😱 HP[-14] MP[+1]
You take 14 damage, and now have 1/25 hp.
MASSIVE DAMAGE!! (PAUSE)
Your mp is fully restored (12).
Unknown command.
Grinder gestures at you.
You shrug off the repeated paralysis!
Grinder gestures at you. Pain shoots through your body!
Ouch! That really hurt!
You die...

Skill      XL: |  1  2  3  4 |
---------------+-------------+-----
Dodging        | 3 |  3.3
Fighting       | 1 |  1.3
Spellcasting   | 4 |  4.0
Stealth        | |  2.4
Ice Magic      | |  4.9

Action                   |  1- 3 |  4- 6 || total
-------------------------+-------+-------++-------
Melee: Dagger            |    35 |     1 ||    36
Throw: Stone             |    17 |     3 ||    20
 Cast: Freeze            |    45 |     6 ||    51
       Frozen Ramparts   |     2 |       ||     2
 Stab: Sleeping          |     6 |       ||     6
Armor: Robe              |     8 |     1 ||     9
Dodge: Dodged            |    36 |     4 ||    40

Levels and vault maps discovered:
D:1:      matt_arrival_diagonals, layout_loops_cross, minmay_worlds_worst_comb
D:2:      layout_basic, shapermc_ecumenical_altar_mp_ritualfount, serial_forest,
          infiniplex_forest_clump_double, infiniplex_forest_straight_2,
          infiniplex_forest_corner_1, infiniplex_forest_straight_2,
          infiniplex_forest_lined_3, infiniplex_forest_straight_2,
          infiniplex_forest_clump_C, infiniplex_forest_clump_diagonal,
          patterned_corridor
D:3:      layout_rooms, nicolae_kikubaaqudgha_miasma_corner,
          nicolae_uskayaw_en_pointe, nicolae_gozag_seed_capital, uniq_grinder
D:4:      layout_loops_ring, lemuel_coloured_pillars_altar,
          nicolae_hepliaklqana_hippocampus, minmay_temple_entry_fiery,
          serial_shops, shop, uniq_eustachio, uniq_robin, uniq_sigmund

Notes
Turn   | Place    | Note
-------+----------+-------------------------------------------
     0 | D:1      | Sobieck the Deep Elf Ice Elementalist began the quest for
                  | the Orb.
     0 | D:1      | Reached XP level 1. HP: 10/10 MP: 6/6
     0 | D:1      | magus.rc [v1.9.6]
   394 | D:1      | Reached XP level 2. HP: 16/16 MP: 6/8
   891 | D:1      | Reached skill level 3 in Dodging
  1053 | D:1      | Reached XP level 3. HP: 20/20 MP: 10/10
  1157 | D:1      | Reached skill level 1 in Fighting
  1161 | D:1      | Learned a level 3 spell: Frozen Ramparts
  1165 | D:1      | Learned a level 3 spell: Ozocubu's Armour
  1996 | D:2      | Found a faded altar of an unknown god.
  2546 | D:2      | Reached XP level 4. HP: 25/25 MP: 7/11
  2673 | D:3      | Reached skill level 4 in Spellcasting
  2716 | D:3      | Noticed a +0 spear
  2716 | D:3      | Noticed a +0 dagger
  2720 | D:3      | Noticed a +0 falchion
  2720 | D:3      | Noticed a +0 short sword
  2720 | D:3      | Noticed a +0 spear
  2721 | D:3      | Noticed a +0 short sword
  2721 | D:3      | Noticed a +0 dagger
  2722 | D:3      | Noticed a +0 falchion
  2751 | D:3      | Noticed Grinder
  2761 | D:3      | Paralysed by Grinder for 3 turns
  2763 | D:3      | HP: 1/25 [Grinder (14)]
  2765 | D:3      | Killed from afar by Grinder

Vanquished Creatures
  2 adders (D:2)
  2 worms
  4 endoplasms
  8 giant cockroaches
  6 goblins
  5 hobgoblins
  A quokka (D:1)
  5 ball pythons
  2 bats (D:1)
  2 frilled lizards
  6 kobolds
  4 rats
47 creatures vanquished.

Table legend:
 A = Non-vault XP
 B = Vault XP
 C = Vault XP percentage of total XP
 D = Non-vault monster count
 E = Vault monster count
 F = Vault count percentage of total count
                 A         B        C        D         E       F
            +---------+---------+-------+---------+---------+-------
      Total |      96 |      10 |   9.4 |      42 |       5 |  10.6
            +---------+---------+-------+---------+---------+-------
        D:1 |      37 |      10 |  21.3 |      22 |       5 |  18.5
        D:2 |      48 |       0 |   0.0 |      13 |       0 |   0.0
        D:3 |      11 |       0 |   0.0 |       7 |       0 |   0.0
            +---------+---------+-------+---------+---------+-------

Illustrated notes

Table legend:
 A = Kills in this place as a percentage of kills in entire the game.
 B = Kills by you in this place as a percentage of kills by you in the entire game.
 C = Kills by friends in this place as a percentage of kills by friends in the entire game.
 D = Other kills in this place as a percentage of other kills in the entire game.
 E = Experience gained in this place as a percentage of experience gained in the entire game.
 F = Experience gained in this place divided by the number of levels of this place that you have seen.
                   A       B       C       D       E      F
               +-------+-------+-------+-------+-------+----------------------
         Total | 100.0 | 100.0 |   N/A |   N/A | 100.0 |  26.5
       Dungeon | 100.0 | 100.0 |   N/A |   N/A | 100.0 |  26.5
               +-------+-------+-------+-------+-------+----------------------

Table legend: (Time is in decaauts)
 A = Elapsed time spent in this place.
 B = Non-inter-level travel time spent in this place.
 C = Inter-level travel time spent in this place.
 D = Time resting spent in this place.
 E = Time spent auto-exploring this place.
 F = Levels seen in this place.
 G = Mean time per level.
                   A        B        C        D        E       F      G
               +--------+--------+--------+--------+--------+-----+--------+
         Total |   2774 |   2640 |    134 |    227 |   2037 |   4 |  693.5 |
       Dungeon |   2774 |   2640 |    134 |    227 |   2037 |   4 |  693.5 |
               +--------+--------+--------+--------+--------+-----+--------+

Top non-repeatable levels by time:
     D:2: 1323 daAuts
     D:1: 1259 daAuts
     D:3: 185 daAuts
     D:4: 6 daAuts
